 Dungeon Crawl Stone Soup version 0.27-a0-1181-g5f64966fcc (webtiles) character file.

Game seed: 1126407925809632009

287 robertstho the Skirmisher (level 6, -3/56 HPs)
             Began as a Minotaur Berserker on May 17, 2021.
             Was a Believer of Trog.
             Slain by a gnoll
             ... wielding a +0 halberd
              (7 damage)
             ... on level 4 of the Dungeon.
             The game lasted 00:03:35 (3193 turns).

robertstho the Skirmisher (Minotaur Berserker)      Turns: 3193, Time: 00:03:36

Health: -3/56      AC:  7    Str: 22    XL:     6   Next: 8%
Magic:  5/5        EV:  8    Int:  5    God:    Trog [**....]
Gold:   129        SH:  8    Dex: 10    Spells: 5/5 levels left

rFire    x . .     SeeInvis .   a - +0 hand axe
rCold    + . .     Faith    .   c - +0 kite shield
rNeg     . . .     Spirit   .   q - +0 scale mail
rPois    .         Reflect  .   (helmet restricted)
rElec    .         Harm     .   (no cloak)
rCorr    .         Rampage  .   (no gloves)
Will     +....                  (no boots)
Stlth    ..........             (no amulet)
HPRegen  0.18/turn              e - ring of ice
MPRegen  0.09/turn              r - ring of willpower

@: on berserk cooldown, slowed, very slow
A: horns 2, retaliatory headbutt
a: Renounce Religion, Berserk, Trog's Hand


You were on level 4 of the Dungeon.
You worshipped Trog.
Trog was pleased with you.
You visited 1 branch of the dungeon, and saw 4 of its levels.

You collected 129 gold pieces.

Inventory:

Hand Weapons
 a - a +0 hand axe (weapon)
Armour
 b - a +0 animal skin
 c - a +0 kite shield (worn)
 q - a +0 scale mail (worn)
Jewellery
 e - a ring of ice (left hand)
 n - a ring of positive energy
 r - a ring of willpower (right hand)
Scrolls
 d - a scroll of identify
 h - a scroll of teleportation {unknown}
 i - 2 scrolls of enchant armour
 o - 2 scrolls of vulnerability {unknown}
 p - a scroll of noise {unknown}
Potions
 f - a potion of degeneration {unknown}
 g - 2 potions of curing
 j - a potion of might {unknown}
 k - 2 potions of brilliance {unknown}
 l - 2 potions of haste {unknown}
 m - a potion of resistance {unknown}


   Skills:
 * Level 5.3 Fighting
 + Level 5.2 Axes
 * Level 4.2 Armour
 + Level 2.9 Dodging
 + Level 0.3 Stealth
 + Level 2.0 Shields


You had 5 spell levels left.
You didn't know any spells.
Your spell library was empty.

Dungeon Overview and Level Annotations

Branches:
Dungeon (4/15)
 Temple: D:4-7

Altars:
Cheibriados
Zin

Shops:
D:3 [


Innate Abilities, Weirdness & Mutations

You have a pair of horns on your head.
You reflexively headbutt those who attack you in melee.


Message History

The gnoll hits you with a +0 halberd.
You barely miss the gnoll.
You are no longer berserk.
You are exhausted.
You feel yourself slow down.
The gnoll hits you from afar with a +0 halberd!
You block the gnoll's attack.
You hit the gnoll.
The gnoll is heavily wounded.
The gnoll closely misses you. You block the gnoll's attack. x2
You closely miss the gnoll.
The gnoll is heavily wounded.
You block the gnoll's attack.
The gnoll hits you from afar with a +0 halberd!
The gnoll closely misses you.
The gnoll hits you from afar with a +0 halberd!
* * * LOW HITPOINT WARNING * * *
It was a potion of curing.
You feel better. The gnoll closely misses you.
The gnoll hits you from afar with a +0 halberd.
You block the gnoll's attack.
You feel better.
The gnoll hits you from afar with a +0 halberd.
The gnoll barely misses you. You block the gnoll's attack.
You hit the gnoll.
The gnoll is heavily wounded.
The gnoll hits you with a +0 halberd. The gnoll barely misses you.
The gnoll hits you with a +0 halberd!
* * * LOW HITPOINT WARNING * * *
The gnoll hits you but does no damage.
You feel better. The gnoll hits you but does no damage.
The gnoll hits you from afar with a +0 halberd.
* * * LOW HITPOINT WARNING * * *
The gnoll hits you with a +0 halberd!
* * * LOW HITPOINT WARNING * * *
As you read the scroll labelled WUEWIT LYSTER, it crumbles to dust.
It is a scroll of identify.
i - 2 scrolls of enchant armour You block the gnoll's attack. x2
The gnoll hits you from afar with a +0 halberd!
You die...

#########
#.).....#
#(......#
#.....!.#
#.......#
#†).....#
#<)@....#
#..g....#
#g......#
#.......#
###.#####
#.# #.#
... .#


You could see 2 gnolls.

Vanquished Creatures
  A steam dragon (D:3)
  A gnoll shaman (D:4)
  A gnoll (D:4)
  4 adders
  An adder skeleton (D:4)
  2 worms (D:3)
  A dart slug (D:1)
  5 orcs (D:3)
  6 bats
  7 endoplasms
  5 giant cockroaches
  4 goblins
  3 hobgoblins
  7 kobolds
  6 quokkas
  4 ball pythons (D:1)
  8 frilled lizards
  3 rats
69 creatures vanquished.

Notes
Turn   | Place    | Note
-------+----------+-------------------------------------------
     0 | D:1      | robertstho the Minotaur Berserker began the quest for the
                  | Orb.
     0 | D:1      | Reached XP level 1. HP: 19/19 MP: 0/0
   194 | D:1      | Reached XP level 2. HP: 27/27 MP: 1/1
   477 | D:1      | Found a faded altar of an unknown god.
   863 | D:2      | Reached XP level 3. HP: 18/34 MP: 2/2
  1949 | D:3      | Reached ** piety under Trog
  2001 | D:3      | Reached skill level 1 in Shields
  2086 | D:3      | Reached XP level 4. HP: 34/41 MP: 3/3
  2409 | D:3      | Noticed a steam dragon
  2415 | D:3      | Killed a steam dragon
  2416 | D:3      | Reached skill level 5 in Fighting
  2416 | D:3      | Reached skill level 5 in Axes
  2416 | D:3      | Reached XP level 5. HP: 45/48 MP: 4/4
  2586 | D:3      | Found a snail-covered altar of Cheibriados.
  2586 | D:3      | Found a glowing silver altar of Zin.
  3001 | D:3      | Found Zomnec Beoso's Armour Shop.
  3175 | D:4      | Reached XP level 6. HP: 56/56 MP: 5/5
  3193 | D:4      | Slain by a gnoll

Illustrated notes

Levels and vault maps discovered:
D:1:      heliophobic_arrival_battle_scene, layout_loops_cross,
          hellmonk_ecumenical_altar_heavens_door,
          hangedman_decor_clover_reticule, wad_floor_pattern_2, corner_web_ring
D:2:      layout_basic
D:3:      layout_loops_ring, jmf_multi_god_temple, serial_shops, shop,
          minmay_increasing_density
D:4:      layout_basic, minmay_temple_entry_arrows, gammafunk_ghost_grave,
          serial_shops, shop, st_stairs_9

Skill      XL: |  1  2  3  4  5 |
---------------+----------------+-----
Fighting       | 4 5 |  5.3
Axes           | 4 5 |  5.2
Shields        | 1 2 |  2.0
Armour         | 3 4 |  4.2
Dodging        | |  2.9
Stealth        | |  0.3

Action                   |  1- 3 |  4- 6 || total
-------------------------+-------+-------++-------
Melee: Hand axe          |   110 |    51 ||   161
       Headbutt          |    13 |     4 ||    17
Invok: Berserk           |     1 |     2 ||     3
  Use: Potion            |       |     3 ||     3
       Scroll            |       |     1 ||     1
Armor: Animal skin       |    28 |       ||    28
       Scale mail        |       |    22 ||    22
Dodge: Dodged            |    39 |    22 ||    61
Block: Kite shield       |    40 |    34 ||    74

Table legend: (Time is in decaauts)
 A = Elapsed time spent in this place.
 B = Non-inter-level travel time spent in this place.
 C = Inter-level travel time spent in this place.
 D = Time resting spent in this place.
 E = Time spent auto-exploring this place.
 F = Levels seen in this place.
 G = Mean time per level.
                   A        B        C        D        E       F      G
               +--------+--------+--------+--------+--------+-----+--------+
         Total |   3260 |   3110 |    150 |      0 |   2680 |   4 |  815.0 |
       Dungeon |   3260 |   3110 |    150 |      0 |   2680 |   4 |  815.0 |
               +--------+--------+--------+--------+--------+-----+--------+

Top non-repeatable levels by time:
     D:3: 1518 daAuts
     D:1: 988 daAuts
     D:2: 729 daAuts
     D:4: 24 daAuts
